 Dungeon Crawl Stone Soup version 0.29-a0-8-g0446c0dae4 (webtiles) character file.

Game seed: 7917971204783441356

168 funkygono the Firebug (level 5, -2/28 HPs)
             Began as a Gargoyle Fire Elementalist on Jan 27, 2022.
             Slain by a two-headed ogre (26 damage)
             ... on level 4 of the Dungeon.
             The game lasted 00:08:17 (3421 turns).

funkygono the Firebug (Gargoyle Fire Elementalist)  Turns: 3421, Time: 00:08:18

Health: -2/28      AC: 11    Str: 11    XL:     5   Next: 49%
Magic:  0/9        EV: 12    Int: 18    God:
Gold:   68         SH:  0    Dex: 10    Spells: 0/10 levels left

rFire   . . .      SeeInvis .   (no weapon)
rCold   . . .      Faith    .   (no shield)
rNeg    + . .      Spirit   .   a - +0 robe
rPois   ∞          Reflect  .   k - +0 helmet
rElec   +          Harm     .   m - scarf {+Inv}
rCorr   .          Rampage  .   (no gloves)
Will    .....                   (no boots)
Stlth   ++........              (no amulet)
HPRegen 0.09/turn               d - +4 ring of protection
MPRegen 0.11/turn               j - +4 ring of slaying

@: very slightly contaminated
A: sickness immunity, AC +4, negative energy resistance 1, electricity
resistance, torment resistance 1, petrification resistance
a: Evoke Invisibility


You were on level 4 of the Dungeon.
You visited 1 branch of the dungeon, and saw 4 of its levels.

You collected 68 gold pieces.

Inventory:

Hand Weapons
 e - a +1 whip
 h - a +0 mace
Missiles
 f - 36 stones (quivered)
Armour
 a - a +0 robe (worn)
 i - a +0 ring mail
 k - a +0 helmet (worn)
 m - a scarf of invisibility (worn)
Jewellery
 d - a +4 ring of protection (left hand)
 j - a +4 ring of slaying (right hand)
 n - the ring "Xunielaria" {Ice Dex+6}
   (You found it on level 2 of the Dungeon)

   [ring of ice]

   It enhances your ice magic.
   Dex:       It affects your dexterity (+6).
   rF:        It makes you vulnerable to fire.
   rC:        It protects you from cold.
Scrolls
 c - a scroll of blinking
Potions
 b - a potion of brilliance
 g - a potion of invisibility {unknown}
 l - 3 potions of attraction {unknown}
 p - a potion of magic {unknown}
 q - a potion of ambrosia {unknown}


   Skills:
 + Level 1.8 Dodging
 - Level 2.1 Stealth
 * Level 3.2 Spellcasting
 * Level 2.5 Conjurations
 * Level 4.5 Fire Magic


You couldn't memorise any spells.
You knew the following spells:

 Your Spells              Type           Power      Damage    Failure   Level
a - Foxfire               Conj/Fire      60%        2x1d7     3%          1
b - Scorch                Fire           38%        2d7       3%          2
c - Conjure Flame         Conj/Fire      15%        6-21      11%         3
d - Flame Wave            Conj/Fire      15%        2d6       36%         4

Your spell library contained the following spells:

 Spells                   Type           Power      Damage    Failure   Level
 Beastly Appendage        Tmut           4%         N/A       16%         1
 Inner Flame              Hex/Fire       11%        N/A       19%         3
 Yara's Violent Unravell  Hex/Tmut       1%         3d3       99%         5


Dungeon Overview and Level Annotations

Branches:
Dungeon (4/15)
 Temple: D:4-7

Altars:

Shops:
D:1 !


Innate Abilities, Weirdness & Mutations

You are immune to sickness and miasma.
Your stone body is resilient. (AC +4)
You are immune to poison.
You resist negative energy. (rN+)
You are resistant to electric shocks. (rElec)
You are resistant to unholy torment.
You are immune to petrification.


Message History

The two-headed ogre's fire resistance burns away.
The foxfire hits the two-headed ogre.
The two-headed ogre is moderately wounded.
The foxfire hits the two-headed ogre.
The two-headed ogre is burned terribly!
The two-headed ogre is moderately wounded.
The two-headed ogre barely misses you.
The two-headed ogre hits you with a +0 giant spiked club!!
Ouch! That really hurt!
* * * LOW HITPOINT WARNING * * *
The two-headed ogre is no longer more vulnerable to fire.
Casting: Scorch (safe; 3% risk of failure)
Confirm with . or Enter, or press ? or * to list all spells.
You miscast Scorch.
You are very lightly contaminated with residual magic.
Nothing appears to happen.
Casting: Scorch (safe; 3% risk of failure)
Confirm with . or Enter, or press ? or * to list all spells.
Flames lash the two-headed ogre.
The two-headed ogre is moderately wounded.
The two-headed ogre's fire resistance burns away.
The two-headed ogre hits you with a +0 giant club!
* * * LOW HITPOINT WARNING * * *
The two-headed ogre closely misses you.
You feel much better. The two-headed ogre closely misses you.
The two-headed ogre hits you with a +0 giant spiked club.
Casting: Scorch (safe; 3% risk of failure)
Confirm with . or Enter, or press ? or * to list all spells.
Okay, then.
Casting: Scorch (safe; 3% risk of failure)
Confirm with . or Enter, or press ? or * to list all spells.
Flames lash the two-headed ogre.
The two-headed ogre is burned terribly!
The two-headed ogre is heavily wounded.
The two-headed ogre hits you with a +0 giant club!
* * * LOW HITPOINT WARNING * * *
The two-headed ogre hits you with a +0 giant spiked club.
* * * LOW HITPOINT WARNING * * *
You feel much better. The two-headed ogre closely misses you.
The two-headed ogre hits you with a +0 giant spiked club!!
Ouch! That really hurt!
You die...

#######.#.#.... #.#
# . #######.#
#.......# #.......#
#.......# #.......#
#..O....# #..@....#
#.......# ###'#####
## #....# ...
######## #....#
...###......# #....#
.......≈≈...###....#
........≈≈....+....#
.......≈≈...###.[..#


You could see a two-headed ogre (combustible).

Vanquished Creatures
  A scorpion (D:2)
  An orc priest (D:3)
  A howler monkey skeleton (D:3)
  An adder (D:3)
  2 worms (D:2)
  2 dart slugs (D:1)
  3 orcs (D:3)
  An endoplasm (D:1)
  3 giant cockroaches
  6 goblins
  6 hobgoblins
  2 jackals (D:1)
  5 kobolds
  A quokka (D:1)
  7 ball pythons
  6 bats
  A frilled lizard (D:2)
  2 rats
51 creatures vanquished.

Vanquished Creatures (others)
  134 foxfires
134 creatures vanquished.

Grand Total: 185 creatures vanquished

Notes
Turn   | Place    | Note
-------+----------+-------------------------------------------
     0 | D:1      | funkygono the Gargoyle Fire Elementalist began the quest
                  | for the Orb.
     0 | D:1      | Reached XP level 1. HP: 10/10 MP: 3/3
   284 | D:1      | Reached XP level 2. HP: 15/15 MP: 0/5
   887 | D:1      | Reached XP level 3. HP: 19/19 MP: 3/6
   890 | D:1      | Learned a level 2 spell: Scorch
   894 | D:1      | Learned a level 3 spell: Conjure Flame
   919 | D:1      | Found Havoexum's Distillery.
  2045 | D:2      | Reached skill level 4 in Fire Magic
  2253 | D:2      | Found a faded altar of an unknown god.
  2319 | D:2      | Noticed a scorpion
  2324 | D:2      | Killed a scorpion
  2325 | D:2      | Reached XP level 4. HP: 24/24 MP: 0/8
  2427 | D:2      | Identified the ring "Xunielaria" {Ice Dex+6}
  2636 | D:3      | Reached XP level 5. HP: 28/28 MP: 6/9
  2663 | D:3      | Learned a level 4 spell: Flame Wave
  2885 | D:3      | Got the Papyrus of Moulding
  3399 | D:4      | Noticed a two-headed ogre
  3416 | D:4      | HP: 1/28 [two-headed ogre (7)]
  3421 | D:4      | Slain by a two-headed ogre

Illustrated notes

Levels and vault maps discovered:
D:1:      dpeg_chamrin_arrival_tetris, layout_basic, serial_shops, shop
D:2:      layout_basic, ebering_ecumenical_altar_hall, lemuel_flame_loot_1
D:3:      layout_rooms
D:4:      layout_basic, makhleb_heckhound_becter, minmay_temple_entry_poolview,
          st_stairs_6, dk_vineyard_3, minmay_goblin_outpost

Skill      XL: |  1  2  3 |
---------------+----------+-----
Fire Magic     | 4 |  4.5
Spellcasting   | 3 |  3.2
Conjurations   | 2 |  2.5
Dodging        | |  1.8
Stealth        | |  2.1

Action                   |  1- 3 |  4- 6 || total
-------------------------+-------+-------++-------
Melee: Whip              |     2 |       ||     2
 Cast: Foxfire           |    68 |    16 ||    84
       Scorch            |     7 |     5 ||    12
  Use: Scroll            |       |     6 ||     6
       Potion            |       |     2 ||     2
Armor: Robe              |     7 |       ||     7
Dodge: Dodged            |     8 |     4 ||    12

Table legend: (Time is in decaauts)
 A = Elapsed time spent in this place.
 B = Non-inter-level travel time spent in this place.
 C = Inter-level travel time spent in this place.
 D = Time resting spent in this place.
 E = Time spent auto-exploring this place.
 F = Levels seen in this place.
 G = Mean time per level.
                   A        B        C        D        E       F      G
               +--------+--------+--------+--------+--------+-----+--------+
         Total |   3419 |   3386 |     33 |    837 |   1018 |   4 |  854.8 |
       Dungeon |   3419 |   3386 |     33 |    837 |   1018 |   4 |  854.8 |
               +--------+--------+--------+--------+--------+-----+--------+

Top non-repeatable levels by time:
     D:1: 1336 daAuts
     D:2: 1289 daAuts
     D:3: 690 daAuts
     D:4: 103 daAuts
